Map: Golden Wall LE

Players

JimRaynor

  • Race: Protoss Protoss
  • League: Diamond
  • Spawn Location: 5:00

RyuKey - Winner!

  • Race: Protoss Protoss
  • League: Diamond
  • Spawn Location: 7:00

VOD

Have the link to the VOD?

Description

Time

  • Played on: June 21, 2020, 11 a.m.
  • Length: 4:00
Show
View Real Time Build Order
Export as new Build Order

JimRaynor Protoss 

Build Orders: Cannon Rush, Double Forge 

Get SALT Encoding   

  12  0:01  Probe  
  13  0:13  Probe  
  14  0:19  Pylon  
  14  0:25  Probe  
  15  0:35  Probe  
  15  0:37  Gateway  
  16  0:43  Probe  
  17  0:55  Forge, Probe  
  18  1:07  Probe  
  18  1:09  Pylon  
  19  1:19  Probe  
  20  1:28  Photon Cannon  
  20  1:33  Photon Cannon  
  20  1:41  Photon Cannon  
  20  1:51  Photon Cannon  
  20  1:55  Probe  
  21  2:15  Photon Cannon  
  19  2:59  Nexus  
  19  3:01  Pylon  
  19  3:38  Forge  
Show
View Real Time Build Order
Export as new Build Order

RyuKey Protoss - Winner!

Build Orders: Cannon Rush 

Get SALT Encoding   

  12  0:03  Probe  
  13  0:15  Probe  
  13  0:18  Pylon  
  14  0:28  Probe  
  15  0:36  Probe  
  15  0:37  Forge  
  16  0:44  Probe  
  17  0:57  Pylon  
  17  1:01  Probe  
  18  1:18  Pylon  
  18  1:28  Photon Cannon  
  18  1:30  Photon Cannon  
  18  1:37  Photon Cannon x2  
  18  1:43  Pylon  
  18  1:52  Photon Cannon  
  18  2:04  Photon Cannon  
  18  2:18  Pylon  
  13  2:37  Probe  
  12  2:49  Photon Cannon  
  12  3:10  Pylon  
  12  3:19  Gateway  
  11  3:41  Probe  
Tags
 
Add a new tag
Caveats
  • Supply blocks, unpowered buildings, or Contaminate may cause inaccurate times.
  • Supply counts are checked every 10 seconds.